Map: Lightshade LE

Players

JonSnow

  • Race: Zerg Zerg

Antis - Winner!

  • Race: Zerg Zerg

Event: DreamHack SC2 Masters 2021 Fall

VOD

Have the link to the VOD?

Description

Time

  • Played on: Aug. 8, 2021, 4:17 p.m.
  • Length: 11:52

All games in this series

Show
View Real Time Build Order
Export as new Build Order

JonSnow Zerg 

Build Orders: Pool First 

Get SALT Encoding   

  12  0:18  Spawning Pool  
  11  0:21  Drone  
  11  0:26  Drone  
  13  0:30  Drone  
  14  0:39  Overlord  
  14  1:04  Zergling x4  
  14  1:05  Zergling x2  
  17  1:15  Zergling x2  
  18  1:18  Hatchery  
  17  1:27  Zergling x2  
  18  1:36  Queen  
  18  1:37  Zergling x2  
  21  1:47  Drone  
  22  2:04  Overlord  
  22  2:15  Queen  
  20  2:18  Drone  
  20  2:20  Drone  
  22  2:30  Queen  
  22  2:31  Drone x2  
  26  2:42  Overlord  
  26  2:45  Drone x2  
  26  2:49  Drone x2  
  30  2:53  Drone  
  30  3:01  Queen  
  30  3:03  Drone  
  33  3:09  Drone x2  
  33  3:12  Extractor  
  34  3:15  Extractor  
  34  3:17  Overlord  
  34  3:20  Drone  
  34  3:28  Drone x4  
  34  3:33  Overlord  
  38  3:47  Drone x5  
  43  3:54  Drone  
  44  3:57  Drone x2  
  44  3:58  Drone  
  47  4:03  Evolution Chamber  
  47  4:06  Roach Warren  
  45  4:11  Lair  
  45  4:13  Drone  
  45  4:16  Drone  
  47  4:17  Drone  
  47  4:20  Drone  
  47  4:23  Drone x2  
  51  4:25  Drone  
  51  4:27  Drone  
  51  4:29  Extractor  
  52  4:31  Zerg Missile Weapons Level 1  
  52  4:37  Overlord  
  51  4:45  Extractor  
  51  4:49  Roach x5  
  60  4:58  Roach x2  
  60  4:59  Roach  
  62  5:12  Drone x2  
  63  5:21  Overlord  
  63  5:25  Glial Reconstitution  
  63  5:26  Hatchery, Roach x2  
  66  5:29  Overlord  
  66  5:34  Drone x2  
  68  5:40  Drone  
  68  5:41  Overlord  
  69  5:45  Roach x2  
  69  5:46  Roach  
  74  5:58  Drone x2  
  74  5:59  Roach  
  74  6:02  Roach  
  80  6:04  Overseer  
  80  6:10  Roach  
  80  6:11  Roach  
  84  6:14  Overlord  
  84  6:15  Overlord  
  84  6:17  Roach x3  
  90  6:30  Overlord  
  90  6:32  Ravager x5  
  96  6:33  Ravager  
  96  6:35  Roach x2  
  96  6:36  Roach  
  96  6:39  Overlord  
  102  6:41  Queen  
  102  6:44  Roach  
  106  6:53  Roach x4  
  114  6:57  Overlord  
  114  7:01  Drone x2  
  114  7:02  Drone  
  114  7:06  Zerg Missile Weapons Level 2  
  117  7:20  Roach x6  
  113  7:24  Roach  
  113  7:25  Roach  
  113  7:28  Overlord  
  117  7:34  Roach  
  117  7:35  Roach x2  
  119  7:38  Ravager  
  119  7:39  Drone x2  
  119  7:42  Drone  
  123  7:47  Evolution Chamber  
  123  7:49  Drone x2  
  124  7:53  Drone  
  125  8:00  Overlord  
  125  8:01  Overlord  
  125  8:04  Extractor  
  124  8:12  Drone x3  
  127  8:17  Extractor  
  126  8:20  Overlord  
  126  8:22  Zerg Ground Armor Level 1, Drone  
  126  8:23  Drone x3  
  126  8:25  Pneumatized Carapace  
  130  8:30  Roach x3  
  135  8:38  Hatchery  
  135  8:40  Roach x3  
  137  8:44  Overseer  
  137  8:46  Ravager x3  
  137  8:47  Roach x2  
  144  8:58  Roach  
  144  8:59  Roach x5  
  114  9:13  Roach  
  114  9:14  Roach x7  
  116  9:19  Roach x2  
  116  9:22  Roach  
  116  9:25  Drone x2  
  116  9:28  Drone x2  
  120  9:32  Drone x2  
  120  9:33  Drone  
  120  9:36  Drone x2  
  120  9:37  Drone  
  126  9:47  Overlord  
  126  9:51  Roach x3  
  132  9:55  Overlord  
  132  10:00  Roach  
  132  10:05  Roach  
  136  10:09  Roach x2  
  136  10:10  Queen  
  136  10:12  Drone x3  
  136  10:13  Roach x3  
  151  10:15  Ravager x4  
  155  10:22  Roach x3  
  155  10:26  Roach  
  155  10:27  Roach  
  165  10:31  Roach x3  
  165  10:34  Overseer  
  171  10:46  Roach x4  
  171  10:47  Roach  
  181  10:55  Overlord  
  181  11:05  Overlord x2  
  181  11:09  Roach  
  183  11:14  Overlord  
  183  11:18  Overlord  
  183  11:32  Roach x5  
  179  11:33  Roach x8  
Show
View Real Time Build Order
Export as new Build Order

Antis Zerg - Winner!

Build Orders: Pool First 

Get SALT Encoding   

  12  0:00  Drone  
  13  0:12  Overlord  
  13  0:16  Drone  
  14  0:30  Drone x2  
  16  0:40  Spawning Pool  
  15  0:44  Drone  
  15  0:47  Drone  
  17  1:08  Hatchery  
  17  1:11  Drone  
  17  1:26  Zergling x4  
  17  1:28  Zergling x2  
  17  1:30  Queen  
  17  1:31  Extractor  
  21  1:38  Zergling x2  
  22  1:48  Extractor  
  22  1:49  Zergling x2  
  23  2:00  Overlord  
  22  2:17  Queen  
  22  2:20  Queen  
  22  2:21  Drone x2  
  27  2:32  Drone x3  
  30  2:40  Overlord  
  30  2:43  Drone x3  
  33  2:54  Drone x2  
  35  3:02  Evolution Chamber  
  35  3:05  Drone x2  
  36  3:10  Drone x3  
  36  3:11  Drone  
  39  3:16  Metabolic Boost  
  39  3:22  Overlord  
  39  3:32  Drone x4  
  39  3:34  Overlord  
  43  3:45  Roach Warren  
  42  3:57  Zergling x12  
  42  3:59  Zerg Ground Armor Level 1  
  48  4:10  Overlord  
  48  4:14  Zergling x8  
  52  4:21  Overlord  
  52  4:24  Hatchery  
  52  4:26  Overlord  
  51  4:33  Drone x4  
  51  4:35  Extractor  
  54  4:40  Drone x2  
  56  4:47  Drone x4  
  56  4:55  Drone  
  53  5:01  Drone  
  52  5:08  Zergling x8  
  52  5:14  Roach x4  
  62  5:18  Lair  
  62  5:21  Extractor  
  61  5:26  Roach x2  
  65  5:36  Spine Crawler  
  65  5:37  Roach x3  
  65  5:38  Roach  
  65  5:40  Drone x4  
  65  5:41  Overlord  
  76  5:48  Overlord  
  74  5:58  Roach  
  74  5:59  Roach x2  
  78  6:08  Zerg Missile Weapons Level 1, Drone x3  
  78  6:09  Drone x2  
  78  6:10  Roach  
  78  6:11  Roach x2  
  89  6:16  Roach x2  
  93  6:19  Queen  
  93  6:20  Extractor  
  93  6:24  Roach x2  
  98  6:30  Overlord  
  98  6:31  Overlord  
  98  6:40  Overlord  
  98  6:53  Roach x8  
  114  6:57  Glial Reconstitution  
  114  6:58  Overlord  
  114  6:59  Overlord x2  
  114  7:00  Evolution Chamber  
  113  7:02  Zergling x2  
  114  7:14  Overlord x2  
  98  7:24  Roach x8  
  114  7:36  Ravager  
  115  7:37  Roach x6  
  124  7:51  Roach x6  
  136  7:55  Overlord  
  136  8:03  Overlord  
  136  8:04  Roach x3  
  142  8:09  Zerg Missile Weapons Level 2  
  142  8:25  Roach  
  142  8:26  Roach x5  
  154  8:30  Overlord x2  
  150  8:42  Roach x2  
  154  8:59  Roach x12  
  119  9:17  Roach  
  119  9:18  Roach x8  
  123  9:26  Roach  
  123  9:27  Roach x3  
  131  9:33  Roach x3  
  137  9:45  Roach x5  
  147  9:54  Roach  
  147  9:55  Roach x3  
  147  9:57  Overlord  
  155  10:05  Roach x4  
  161  10:13  Overlord x2  
  161  10:18  Roach x3  
  161  10:20  Ravager  
  168  10:27  Overlord  
  168  10:28  Overlord x2  
  168  10:41  Roach x7  
  184  10:50  Roach x4  
  184  10:55  Ravager  
  184  10:57  Roach x3  
  197  11:10  Ravager  
  198  11:11  Roach  

Tags
 
Add a new tag
Caveats
  • Supply blocks, unpowered buildings, or Contaminate may cause inaccurate times.
  • Supply counts are checked every 10 seconds.